 Dungeon Crawl Stone Soup version 0.29.1-13-g9f3cf754e1 (webtiles) character file.

Game seed: 4366763804495974367

146 DemonSlayer the Digger (level 5, -2/35 (36) HPs)
             Began as a Demonspawn Earth Elementalist on Jan 19, 2023.
             Slain by Crazy Yiuf
             ... wielding a +3 quarterstaff of chaos
              (16 damage)
             ... on level 2 of the Dungeon.
             The game lasted 00:05:01 (3053 turns).

DemonSlayer the Digger (DsEE)                       Turns: 3053, Time: 00:05:02

HP:   -2/35 (36)    AC:  2    Str:  9    XL:     5   Next: 7%
MP:   7/9           EV: 12    Int: 18    God:
Gold: 130           SH:  0    Dex: 15    Spells: 3/9 levels left

rFire   . . .      SeeInvis .   c - +0 dagger
rCold   . . .      Faith    .   (no shield)
rNeg    . . .      Spirit   .   a - +0 robe
rPois   .          Reflect  .   (no helmet)
rElec   .          Harm     .   (no cloak)
rCorr   .          Rampage  .   (no gloves)
Will    .....                   (no boots)
Stlth   +++.......              (no amulet)
HPRegen 0.11/turn               (no ring)
MPRegen 0.11/turn               (no ring)

@: lethally poisoned (-2 -> -13), lightly drained
A: thin skeletal structure 1, demonic magic 1
a: no special abilities


You were on level 2 of the Dungeon.
You visited 1 branch of the dungeon, and saw 4 of its levels.

You collected 130 gold pieces.

Inventory:

Hand Weapons
 c - a +0 dagger (weapon)
Armour
 a - a +0 robe (worn)
Scrolls
 d - a scroll of blinking {unknown}
 f - 2 scrolls of vulnerability {unknown}
 g - a scroll of teleportation {unknown}
 l - a scroll of poison {unknown}
 n - a scroll of fog {unknown}
 o - a scroll of enchant weapon {unknown}
Potions
 b - a potion of magic
 e - 2 potions of lignification
 h - a potion of attraction
 i - a potion of cancellation
 j - a potion of might {unknown}
 k - 2 potions of curing {unknown}
 m - a potion of flight {unknown}
 p - a potion of brilliance {unknown}


   Skills:
 + Level 0.4 Fighting
 + Level 0.8 Short Blades
 + Level 2.0 Dodging
 + Level 3.3 Stealth
 + Level 2.9 Spellcasting
 + Level 0.8 Transmutations
 + Level 3.6 Earth Magic


You had 3 spell levels left.
You knew the following spells:

 Your Spells              Type           Power      Damage    Failure   Level
a - Sandblast             Erth           30%        2d9       3%          1
b - Passwall              Tmut/Erth      8%         N/A       10%         2
c - Stone Arrow           Conj/Erth      18%        3d8       24%         3

Your spell library contained the following spells:

 Spells                   Type           Power      Damage    Failure   Level
 Petrify                  Tmut/Erth      10%        N/A       54%         4


Dungeon Overview and Level Annotations

Branches:
Dungeon (4/15)
 Temple: D:4-7

Altars:

Shops:
D:2 [

Annotations:
D:2 Crazy Yiuf


Innate Abilities, Weirdness & Mutations

You have a somewhat thin skeletal structure. (Dex +2, Stealth+)
Spells you cast may paralyse adjacent enemies.


Message History

You hit the fungus.
The fungus begins to die.
The fungus is lightly damaged.
You hit the fungus.
The fungus is lightly damaged.
You hit the fungus.
The fungus is lightly damaged.
You hit the fungus but do no damage.
The fungus is lightly damaged.
You hit the fungus.
The fungus is lightly damaged.
A nearby fungus withers and dies.
You hit the fungus but do no damage. You hit the fungus.
The fungus begins to die.
The fungus is lightly damaged.
You hit the fungus.
The fungus is lightly damaged.
You hit the fungus but do no damage.
The fungus is lightly damaged.
You hit the fungus.
The fungus is lightly damaged.
A nearby fungus withers and dies.
Found a hammer.
Found a runed translucent door.
Crazy Yiuf shouts!
Crazy Yiuf waves his quarterstaff at you.
Crazy Yiuf laughs, "Action!
Adder agre canine."
You open the door.
The blast of sand hits Crazy Yiuf.
Crazy Yiuf is moderately wounded.
Malevolent energies surge around you.
Crazy Yiuf hits you with a +3 quarterstaff of chaos!
You feel drained.
Crazy Yiuf hits you with a +3 quarterstaff of chaos!
You are poisoned.
The blast of sand hits Crazy Yiuf.
Crazy Yiuf is heavily wounded.
Malevolent energies surge around you.
You feel very sick.
Crazy Yiuf whimpers, "Shadow alas childish!"
Crazy Yiuf hits you with a +3 quarterstaff of chaos!
You die...

#.#..###.#.# #....#
##.#.# #.#.# #....#
##.#.# #.### #PP.P#
##### ##.#.# #.# #.#.##
#...# ##.#.# #.# ##.##
###.# ##...# #.# #.##
#.# ##.### #.# ##.# #.#
#...## #.# #.## ##.##
.###.###.# ##@#
##...####### ## ##.##.#
#g# #..#...[...> #
#....# ... ##...#######
## ##.###### #...#
##.## .###.......#
#..)# #.# #...########
##### #.# ##.## #.#####
#.#
##############.#...##
#(#
#...<...............###


You could see Crazy Yiuf.

Vanquished Creatures
  Natasha (thrice) (D:2)
  A gnoll (D:4)
  An adder (D:2)
  3 dart slugs
  4 ball pythons
  A bat (D:1)
  4 endoplasms
  7 hobgoblins
  7 kobolds (D:1)
  3 quokkas
  2 frilled lizards (D:1)
  6 goblins
  6 rats
48 creatures vanquished.

Vanquished Creatures (others)
  2 fungi (D:2)
2 creatures vanquished.

Grand Total: 50 creatures vanquished

Notes
Turn   | Place    | Note
-------+----------+-------------------------------------------
     0 | D:1      | DemonSlayer the Demonspawn Earth Elementalist began the
                  | quest for the Orb.
     0 | D:1      | Reached XP level 1. HP: 13/13 MP: 3/3
   112 | D:1      | Gained mutation: You have a somewhat thin skeletal
                  | structure. (Dex +2, Stealth+) [demonic ancestry]
   112 | D:1      | Reached XP level 2. HP: 5/19 MP: 1/5
   115 | D:1      | Learned a level 2 spell: Passwall
  1441 | D:1      | Gained mutation: Spells you cast may paralyse adjacent
                  | enemies. [demonic ancestry]
  1441 | D:1      | Reached XP level 3. HP: 24/24 MP: 4/6
  1790 | D:1      | Learned a level 3 spell: Stone Arrow
  1897 | D:2      | You fall into a shaft and drop 2 floors!
  2343 | D:2      | Reached XP level 4. HP: 30/30 MP: 7/7
  2351 | D:2      | Found Idipn's Antique Armour Shoppe.
  2412 | D:2      | Noticed Natasha
  2415 | D:2      | Killed Natasha
  2549 | D:2      | Noticed Natasha
  2552 | D:2      | Killed Natasha
  2736 | D:2      | Noticed Natasha
  2739 | D:2      | Killed Natasha
  2740 | D:2      | Reached XP level 5. HP: 36/36 MP: 6/9
  3047 | D:2      | Found a runed translucent door.
  3048 | D:2      | Noticed Crazy Yiuf
  3053 | D:2      | Slain by Crazy Yiuf

Illustrated notes

Levels and vault maps discovered:
D:1:      dpeg_arrival_solitude, layout_loops_ring
D:2:      layout_loops_ring, serial_shops, nicolae_shop_hallway_plus,
          kennysheep_donut, uniq_natasha, uniq_crazy_yiuf_cottage
D:3:      layout_basic, mainiacjoe_overflow_alcove_1,
          dilly_ecumenical_altar_fadedgnrine
D:4:      layout_rooms, mainiacjoe_overflow_24_doors, kennysheep_generic_room_7

Skill      XL: |  1  2  3  4 |
---------------+-------------+-----
Earth Magic    | 3 |  3.6
Stealth        | 2 3 |  3.3
Dodging        | 2 |  2.0
Fighting       | |  0.4
Short Blades   | |  0.8
Spellcasting   | |  2.9
Transmutations | |  0.8

Action                   |  1- 3 |  4- 6 || total
-------------------------+-------+-------++-------
Melee: Dagger            |    46 |    14 ||    60
 Cast: Sandblast         |    34 |     7 ||    41
  Use: Scroll            |     3 |       ||     3
 Stab: Sleeping          |    15 |     3 ||    18
       Paralysed         |     4 |     1 ||     5
Armor: Robe              |     5 |       ||     5
Dodge: Dodged            |    36 |       ||    36
